 Dungeon Crawl Stone Soup version 0.22-a0-409-gb855193 (webtiles) character file.

73507 Mgcat the Warrior (level 15, -16/129 HPs)
             Began as a Mummy Fighter on May 10, 2018.
             Was an Initiate of Gozag.
             Killed from afar by a lich (55 damage)
             ... with a crystal spear
             ... on level 2 of the Abyss.
             The game lasted 01:12:39 (26004 turns).

Mgcat the Warrior (Mummy Fighter)                  Turns: 26004, Time: 01:12:40

Health: -16/129    AC: 31    Str: 22      XL:     15   Next: 4%
Magic:  23/23      EV:  7    Int: 18      God:    Gozag
Gold:   1824       SH:  0    Dex:  8 (9)  Spells: 20/25 levels left

rFire    + . .     SeeInvis +   f - +4 dire flail (protect)
rCold    + . .     Gourm    .   (shield currently unavailable)
rNeg     + + +     Faith    .   y - +0 plate armour "Lisazy" {rElec rPois rF++ Str-5}
rPois    ∞         Spirit   .   s - +2 helmet {Int+3}
rElec    +         Reflect  .   (no cloak)
rCorr    .         Harm     .   B - +2 pair of gloves of Bodim {Int+7 Dex-4}
MR       +++++     Clarity  +   t - +2 pair of boots {Fly}
Stlth    ..........             D - amulet of the Four Winds {rN+ MR+++ Clar}
HPRegen  0.31/turn              i - +3 ring of strength
MPRegen  0.18/turn              c - ring "Fuwos" {MR+ Slay+1 SInv}

@: gold aura, protection aura, flying
A: no food or potions, fire vulnerability, cold resistance 1, negative energy
resistance 3, torment resistance, unbreathing, in touch with death 1
a: Potion Petition, Call Merchant, Bribe Branch, Renounce Religion, Stop Flying


You were on level 2 of the Abyss.
You worshipped Gozag.
Gozag was most pleased with you.
You were not hungry.

You visited 4 branches of the dungeon, and saw 20 of its levels.
You visited the Abyss 1 time.
You also visited: Sewer and Ossuary.

You collected 7071 gold pieces.
You spent 1991 gold pieces at shops.
You paid 3256 gold pieces to Gozag.

Inventory:

Hand Weapons
 f - a +4 dire flail of protection (weapon)
   (You took it off Edmund on level 5 of the Dungeon)
Missiles
 b - 6 curare-tipped needles
 d - 3 throwing nets (quivered) {=f, !d}
Armour
 a - the +0 chain mail of Xuac {rC+ rCorr MP+9}
   (You found it on level 5 of the Dungeon)

   It protects you from cold.
   It affects your magic capacity (+9).
   It protects you from acid and corrosion.
 s - a +2 helmet of intelligence (worn)
   (You acquired it on level 11 of the Dungeon)
 t - a +2 pair of boots of flying (worn)
   (You found it on level 8 of the Dungeon)
 y - the +0 plate armour "Lisazy" (worn) {rElec rPois rF++ Str-5}
   (You found it on level 4 of the Lair of Beasts)

   It affects your strength (-5).
   It greatly protects you from fire.
   It insulates you from electricity.
   It protects you from poison.
 B - the +2 pair of gloves of Bodim (worn) {Int+7 Dex-4}
   (You found it on level 11 of the Dungeon)

   It affects your intelligence (+7).
   It affects your dexterity (-4).
 F - the +1 plate armour "Qelasut" {*Slow rC+ Str+5 Stlth+}
   (You bought it in a shop on level 9 of the Dungeon)

   It affects your strength (+5).
   It protects you from cold.
   It may slow you when you take damage.
   It makes you more stealthy.
Jewellery
 c - the ring "Fuwos" (right hand) {MR+ Slay+1 SInv}
   (You bought it in a shop on level 9 of the Dungeon)

   [ring of slaying]

   It affects your accuracy and damage with ranged weapons and melee attacks
   (+1).
   It affects your resistance to hostile enchantments.
   It lets you see invisible.
 i - a +3 ring of strength (left hand)
   (You found it on level 11 of the Dungeon)
 k - an uncursed ring of ice {rC+, rF-}
   (You took it off an orc sorcerer on level 11 of the Dungeon)
 w - an uncursed ring of wizardry {Wiz+, !d}
   (You found it on level 3 of the Lair of Beasts)
 D - the amulet of the Four Winds (around neck) {rN+ MR+++ Clar}
   (You bought it in a shop on level 9 of the Dungeon)

   [amulet of nothing]

   It protects you from negative energy.
   It affects your resistance to hostile enchantments.
   It protects you against confusion.
 H - an uncursed ring of protection from fire {rF+, !d}
   (You found it on level 11 of the Dungeon)
Wands
 j - a wand of enslavement (21)
   (You found it on level 1 of the Lair of Beasts)
 m - a wand of polymorph (11)
   (You found it on level 2 of the Lair of Beasts)
 o - a wand of paralysis (15)
   (You took it off a crimson imp on level 9 of the Dungeon)
 v - a wand of iceblast (6)
   (You found it on level 1 of the Lair of Beasts)
 x - a wand of digging (22)
   (You found it on level 4 of the Lair of Beasts)
 z - a wand of flame (43)
   (You found it on level 6 of the Lair of Beasts)
 C - a wand of disintegration (12)
   (You found it on level 3 of the Lair of Beasts)
 E - a wand of acid (2)
   (You took it off Erica on level 1 of the Orcish Mines)
Scrolls
 e - 2 scrolls of fog
 g - 6 scrolls of teleportation
 h - 16 scrolls of identify
 p - 8 scrolls of magic mapping {!r}
 q - 4 scrolls of remove curse
 r - 2 scrolls of fear
 u - 4 scrolls of enchant armour
 A - 3 scrolls of amnesia


   Skills:
 + Level 15.5 Fighting
 + Level 13.2 Maces & Flails
 + Level 9.6 Armour
   Level 2.4 Shields
 + Level 5.8 Spellcasting
 + Level 6.9 Necromancy
 + Level 5.4 Earth Magic


You had 20 spell levels left.
You knew the following spells:

 Your Spells              Type           Power        Failure   Level  Hunger
a - Borgnjor's Vile Clut  Necr/Erth      #####.....   98%         5    N/A

Dungeon Overview and Level Annotations

Branches:
Dungeon (11/15)            Temple (1/1) D:6            Lair (6/6) D:8
  Swamp (0/4) Lair:2        Snake (0/4) Lair:4        Slime (0/5) Lair:6
    Orc (2/2) D:9             Elf (0/3) Orc:2

Altars:
Ashenzari
Cheibriados
Dithmenos
Elyvilon
Fedhas
Gozag
Hepliaklqana
Kikubaaqudgha
Makhleb
Nemelex Xobeh
Okawaru
Qazlal
Sif Muna
Trog
Uskayaw
Vehumet
Wu Jian
Xom
Yredelemnul
Zin
The Shining One
Beogh
Jiyva

Shops:
D:5 %   D:6 !   D:9 =**   Orc:2 (*([

Annotations:
D:11 Sonja


Innate Abilities, Weirdness & Mutations

You do not eat or drink.
Your flesh is vulnerable to fire.
You are immune to poison.
Your flesh is cold resistant. (rC+)
You are immune to negative energy. (rN+++)
You are immune to unholy pain and torment.
You can survive without breathing.
You are in touch with the powers of death.


Message History

You now have 1806 gold pieces (gained 49).
A wretched star comes into view.
You closely miss the wretched star. You closely miss the wretched star.
You closely miss the wretched star. You hit the wretched star.
Your weapon exudes an aura of protection.
The wretched star is lightly damaged.
You impale the wretched star!!
The wretched star is moderately damaged.
You impale the wretched star!!
The wretched star is severely damaged.
You hit the wretched star.
The wretched star is almost destroyed.
You are suddenly pulled into a different region of the Abyss!
Unknown command.
Unknown command.
Unknown command.
Unknown command.
A ynoxinul bursts from nowhere.
The ynoxinul bellows!
Unknown command.
Unknown command.
Unknown command.
Unknown command.
Unknown command.
The ynoxinul gestures.
A small abomination comes into view.
You closely miss the ufetubus.
The ufetubus hits you but does no damage. x2
The ufetubus barely misses you. x2
You impale the ufetubus!!
Your weapon exudes an aura of protection.
You kill the ufetubus!
The small abomination hits you.
The small abomination barely misses you.
You sock the small abomination!
The small abomination is moderately damaged.
You completely miss the small abomination.
The small abomination is moderately damaged.
The small abomination hits you but does no damage.
You puncture the small abomination!
The small abomination is almost destroyed.
The small abomination hits you but does no damage.
You sock the small abomination!
You destroy the small abomination!
You now have 1824 gold pieces (gained 18).
A lurking horror comes into view.
The lurking horror explodes!
You feel a surge of unholy energy.
A lich comes into view.
The lich shouts!
The lich casts a spell.
The lich seems to speed up.
The lich touches you.
You impale the lich!!
Your weapon exudes an aura of protection.
The lich is moderately damaged.
The lich touches you but does no damage.
You closely miss the lich.
The lich is moderately damaged.
The lich touches you but does no damage.
Your plate armour "Lisazy" prevents you from hitting the lich.
The lich is moderately damaged.
The lich touches you but does no damage.
Your plate armour "Lisazy" prevents you from hitting the lich.
The lich is moderately damaged.
The lich touches you but does no damage.
You closely miss the lich.
The lich is moderately damaged.
The lich touches you but does no damage.
You barely miss the lich.
The lich is moderately damaged.
The lich is distracted by your gold.
You strike the helpless lich from behind!
You puncture the lich!
Your weapon exudes an aura of protection.
The lich is no longer distracted by gold.
The lich is moderately damaged.
The lich touches you.
You bludgeon the lich!!
The lich is heavily damaged.
The lich gestures at you while chanting.
The bolt of acid hits you!
You are splashed with acid!
The acid burns!
You puncture the lich!
The lich is severely damaged.
The lich completely misses you.
You puncture the lich!
The lich is severely damaged.
The lich touches you but does no damage.
You hit the lich.
The lich is severely damaged.
The lich gestures at you while chanting.
The crystal spear hits you!
You impale the lich!!
The lich is almost destroyed.
The lich points at you and mumbles some strange words.
The crystal spear hits you!
You die...
Your body crumbles into a pile of gold.

###### ..##
#... #. §..§
#.##...##..#
§.§ # ..##. #
...#
...##.##.#..#
# .# #.#.. #
##.#### #
#.###
..##..#.###
#...######. .
# ####@.#. # .
# . #.L#.# ..#
#. # ##..
..#....#.##
#..#.#....##..
# #.##. ##..
####.# ... .#
. #. ## ....##
.. # . # ..#.
#!... . .. # .


You could see a lich.

Vanquished Creatures
  An orc warlord (Orc:2)
  A deep elf sorcerer (D:11)
  The ghost of mortelune the Destroyer, a journeyman DEFE of Vehumet (Lair:5)
  2 hydras
  A fire dragon (Lair:6)
  Erolcha (Orc:1)
  Fannar (D:11)
  Harold (D:10)
  Erica (Orc:1)
  2 two-headed ogres
  3 death yaks (D:8)
  A queen ant (D:10)
  A vampire mage (D:11)
  2 orc high priests (Orc:2)
  Urug (Orc:1)
  2 orc knights
  A lindwurm (Lair:6)
  The ghost of KristoblXynda the Ruffian, a novice TrWz (D:5)
  4 orc sorcerers
  4 cyclopes
  8 deep elf magi (D:11)
  9 elephants
  Psyche (D:11)
  4 naga magi (D:11)
  9 black mambas
  An ice statue (Lair:3)
  16 spiny frogs
  5 torpor snails (Lair:6)
  The ghost of quik the Sneak, a novice OpFi (D:4)
  A freezing wraith (Lair:3)
  3 rime drakes
  4 komodo dragons
  3 trolls
  4 tyrant leeches (Lair:6)
  Prince Ribbit (D:6)
  7 hornets
  Grinder (D:5)
  A polar bear (Lair:3)
  6 blink frogs
  4 dream sheep (Lair:5)
  5 hippogriffs
  A spriggan (D:8)
  3 wyverns
  Eustachio (D:6)
  55 yaks
  7 basilisks
  Grum (D:8)
  A hungry ghost (D:9)
  Edmund (D:5)
  2 vampire mosquitoes (D:7)
  A small abomination (Abyss:2)
  8 wargs
  4 insubstantial wisps (Lair:2)
  7 soldier ants (D:10)
  Duvessa (D:6)
  23 water moccasins
  6 porcupines
  A hornet zombie (D:8)
  34 orc warriors
  2 black bears
  9 ice beasts
  4 sky beasts
  10 ogres
  17 wolves
  3 centaurs
  11 crocodiles
  A big kobold (D:8)
  14 bullfrogs
  An elf skeleton (D:6)
  Dowan (D:6)
  A scorpion (D:4)
  12 killer bees
  An electric eel (Lair:6)
  5 howler monkeys
  7 crimson imps
  4 jellies
  2 quasits
  2 human zombies (D:6)
  2 bullfrog zombies
  20 orc priests
  4 hounds
  31 orc wizards
  2 bullfrog skeletons
  A centaur skeleton (D:7)
  A human skeleton (D:6)
  Ijyb (D:3)
  3 iguanas
  31 worker ants
  2 hell rats (D:8)
  3 big kobold zombies (Ossuary)
  A hound zombie (D:5)
  2 hound skeletons
  2 mummies (Ossuary)
  A howler monkey skeleton (D:4)
  24 adders
  7 river rats
  A shadow imp (D:10)
  4 white imps (Lair:3)
  8 oozes
  2 adder skeletons (D:4)
  11 adder zombies
  4 worms
  A dart slug (D:1)
  2 leopard geckos
  102 orcs
  8 giant cockroaches
  3 goblins
  13 hobgoblins
  5 jackals
  11 kobolds
  8 quokkas
  13 ball pythons
  11 bats
  3 frilled lizards
  4 hobgoblin zombies (Ossuary)
  10 kobold zombies (Ossuary)
  A leopard gecko zombie (D:5)
  2 orc skeletons (D:6)
  4 orc zombies (Ossuary)
  A quokka skeleton (D:8)
  40 rats
800 creatures vanquished.

Vanquished Creatures (others)
  9 fungi
  A lurking horror (Abyss:2)
  20 plants
30 creatures vanquished.

Grand Total: 830 creatures vanquished

Notes
Turn   | Place    | Note
-------+----------+-------------------------------------------
     0 | D:1      | Mgcat the Mummy Fighter began the quest for the Orb.
     0 | D:1      | Reached XP level 1. HP: 18/18 MP: 1/1
     2 | D:1      | Found a runed door.
   151 | D:1      | Reached skill level 2 in Maces & Flails
   151 | D:1      | Reached XP level 2. HP: 24/24 MP: 2/2
   227 | D:1      | Reached XP level 3. HP: 20/29 MP: 3/3
  1397 | D:3      | Reached skill level 4 in Fighting
  1397 | D:3      | Reached XP level 4. HP: 37/37 MP: 4/4
  1723 | D:3      | Reached skill level 3 in Maces & Flails
  1759 | D:3      | Reached XP level 5. HP: 27/43 MP: 5/5
  2012 | D:3      | Noticed Ijyb
  2024 | D:3      | Killed Ijyb
  2256 | D:4      | Reached skill level 5 in Fighting
  2292 | D:4      | Reached XP level 6. HP: 41/51 MP: 6/6
  2309 | D:4      | Reached skill level 4 in Maces & Flails
  2311 | D:4      | Noticed quik's ghost (novice OpFi)
  2559 | D:4      | Killed quik's ghost
  2559 | D:4      | Reached skill level 6 in Fighting
  2559 | D:4      | Reached XP level 7. HP: 38/58 MP: 7/7
  2610 | D:4      | Found a blossoming altar of Fedhas.
  2825 | D:4      | Reached skill level 5 in Maces & Flails
  3155 | D:5      | Entered Level 5 of the Dungeon
  3168 | D:5      | Noticed KristoblXynda's ghost (novice TrWz)
  3177 | D:5      | Found Hiokop's Food Boutique.
  3184 | D:4      | Reached skill level 7 in Fighting
  3405 | D:5      | Reached XP level 8. HP: 55/67 MP: 8/8
  3483 | D:5      | Noticed Edmund
  3541 | D:5      | HP: 6/67 [Edmund/dire flail of protection (11)]
  3546 | D:5      | Killed Edmund
  3882 | D:5      | Reached skill level 6 in Maces & Flails
  3946 | D:5      | Noticed Grinder
  3954 | D:5      | Killed Grinder
  3954 | D:5      | Reached skill level 8 in Fighting
  3962 | D:5      | Got a smoking chain mail
  4283 | D:5      | Reached skill level 7 in Maces & Flails
  4300 | D:5      | Reached XP level 9. HP: 41/75 MP: 9/9
  4329 | D:4      | HP: 13/75 [yak (8)]
  4331 | D:4      | Reached skill level 9 in Fighting
  4973 | D:5      | Killed KristoblXynda's ghost
  5038 | D:6      | Reached skill level 8 in Maces & Flails
  5137 | D:6      | Found Utor's Distillery.
  5152 | D:6      | Found a sand-covered staircase.
  5159 | Ossuary  | Entered an ossuary
  5189 | Ossuary  | Reached skill level 10 in Fighting
  5333 | D:6      | Noticed Duvessa
  5333 | D:6      | Noticed Dowan
  5344 | D:6      | Killed Duvessa
  5345 | D:6      | Killed Dowan
  5371 | D:6      | Noticed Eustachio
  5402 | D:6      | Killed Eustachio
  5458 | D:6      | Found a glowing drain.
  5463 | Sewer    | Entered a sewer
  6118 | D:6      | Noticed Prince Ribbit
  6133 | D:6      | Killed Prince Ribbit
  6133 | D:6      | Reached XP level 10. HP: 84/86 MP: 10/10
  6141 | D:6      | Found a staircase to the Ecumenical Temple.
  6150 | Temple   | Entered the Ecumenical Temple
  6353 | Temple   | Became a worshipper of Gozag Ym Sagoz the Greedy
  6406 | D:6      | Found a shadowy altar of Dithmenos.
  6406 | D:6      | Found a blossoming altar of Fedhas.
  6729 | D:7      | Reached skill level 9 in Maces & Flails
  6758 | D:7      | Reached skill level 11 in Fighting
  6861 | D:7      | Identified the +0 chain mail of Xuac {rC+ rCorr MP+9} (You found it on level 5 of the Dungeon)
  7208 | D:8      | Found a stormy altar of Qazlal.
  7208 | D:8      | Found a glowing silver altar of Zin.
  7210 | D:8      | Found a basalt altar of Yredelemnul.
  7210 | D:8      | Found a deep blue altar of Sif Muna.
  7212 | D:8      | Found an ancient bone altar of Kikubaaqudgha.
  7212 | D:8      | Found a bloodstained altar of Trog.
  7385 | D:8      | Noticed a death yak
  7385 | D:8      | Noticed a death yak
  7398 | D:8      | Noticed a death yak
  7401 | D:8      | Killed a death yak
  7416 | D:8      | Killed a death yak
  7416 | D:8      | Reached skill level 10 in Maces & Flails
  7550 | D:8      | Killed a death yak
  7550 | D:8      | Reached skill level 12 in Fighting
  7767 | D:8      | Found a staircase to the Lair.
  8098 | D:8      | Reached XP level 11. HP: 95/95 MP: 11/11
  8107 | D:7      | You fall through a shaft for 2 floors!
  8276 | D:8      | Found a shattered altar of Ashenzari.
  8296 | D:8      | Reached skill level 3 in Armour
  8368 | D:8      | Noticed Grum
  8626 | D:8      | Killed Grum
  8816 | D:8      | Noticed a two-headed ogre
  8832 | D:8      | Killed a two-headed ogre
  9840 | D:9      | Found a staircase to the Orcish Mines.
  9917 | D:9      | Found a roughly hewn altar of Beogh.
  9938 | D:9      | Reached skill level 4 in Armour
 10483 | D:10     | Entered Level 10 of the Dungeon
 10518 | D:10     | Noticed Harold
 10536 | D:10     | Killed Harold
 10820 | D:10     | Noticed a queen ant
 10842 | D:10     | Killed a queen ant
 10842 | D:10     | Reached skill level 13 in Fighting
 10842 | D:10     | Reached skill level 11 in Maces & Flails
 10842 | D:10     | Reached skill level 5 in Armour
 11340 | D:11     | Identified a scroll of acquirement
 11413 | D:11     | Noticed Psyche
 11421 | D:11     | Killed Psyche
 11647 | D:11     | Reached XP level 12. HP: 99/105 MP: 12/12
 11828 | D:11     | Noticed a vampire mage
 11831 | D:11     | Found a deep blue altar of Sif Muna.
 12124 | Lair:1   | Entered Level 1 of the Lair of Beasts
 12233 | Lair:1   | Found a blossoming altar of Fedhas.
 12314 | Lair:1   | Reached skill level 6 in Armour
 12332 | Lair:1   | HP: 17/105 [spiny frog (14)]
 12745 | Orc:1    | Entered Level 1 of the Orcish Mines
 12756 | Orc:1    | Noticed Erolcha
 13566 | Lair:1   | Noticed a five-headed hydra
 13577 | Lair:1   | Killed a five-headed hydra
 14149 | Lair:2   | Found a staircase to the Swamp.
 14271 | Lair:2   | Reached skill level 7 in Armour
 14681 | Lair:3   | Noticed an eight-headed hydra
 14690 | Lair:2   | HP: 25/106 [eight-headed hydra (3)]
 14697 | Lair:2   | HP: 16/106 [eight-headed hydra (5)]
 14722 | Lair:2   | Killed an eight-headed hydra
 14722 | Lair:2   | Reached skill level 14 in Fighting
 15144 | Lair:3   | Reached skill level 12 in Maces & Flails
 16065 | Lair:3   | Learned a level 5 spell: Borgnjor's Vile Clutch
 16210 | Lair:3   | Gained mutation: You are in touch with the powers of death. [Mummy growth]
 16210 | Lair:3   | Reached XP level 13. HP: 95/113 MP: 13/13
 16363 | Lair:4   | Reached skill level 1 in Spellcasting
 16373 | Lair:4   | Reached skill level 1 in Necromancy
 16430 | Lair:4   | Reached skill level 1 in Earth Magic
 16495 | Lair:4   | Found a staircase to the Snake Pit.
 16509 | Lair:4   | Reached skill level 2 in Spellcasting
 16662 | Lair:4   | Reached skill level 2 in Necromancy
 17062 | Lair:4   | Reached skill level 3 in Spellcasting
 17062 | Lair:4   | Reached skill level 2 in Earth Magic
 17188 | Lair:4   | Reached skill level 8 in Armour
 17253 | Lair:4   | Got a twisted plate armour
 17264 | Lair:4   | Identified the cursed +0 plate armour "Lisazy" {rElec rPois rF++ Str-5} (You found it on level 4 of the Lair of Beasts)
 17619 | Lair:5   | Noticed mortelune's ghost (journeyman DEFE)
 17772 | Lair:5   | Killed mortelune's ghost
 18041 | Lair:5   | Found a shimmering altar of Xom.
 18062 | Lair:5   | Reached skill level 3 in Necromancy
 18150 | Lair:5   | Reached skill level 4 in Spellcasting
 18803 | Lair:6   | Entered Level 6 of the Lair of Beasts
 18848 | Lair:6   | Reached skill level 3 in Earth Magic
 19279 | Lair:6   | Reached skill level 4 in Necromancy
 19310 | Lair:6   | Reached skill level 5 in Spellcasting
 19335 | Lair:6   | Found a viscous altar of Jiyva.
 19335 | Lair:6   | Found a staircase to the Slime Pits.
 19821 | Lair:6   | Reached XP level 14. HP: 98/121 MP: 21/21
 20703 | Lair:6   | Reached skill level 4 in Earth Magic
 20851 | Lair:6   | Found a runed door.
 21196 | Lair:6   | Reached skill level 5 in Necromancy
 21356 | Lair:6   | Reached skill level 15 in Fighting
 21681 | Lair:3   | Got a smoking shield
 21687 | Lair:3   | Identified the cursed -3 shield of Dawetot {+Inv rPois rF- rCorr Str+2} (You found it on level 3 of the Lair of Beasts)
 21870 | D:9      | Bought the amulet of the Four Winds {rN+ MR+++ Clar} for 614 gold pieces
 21870 | D:9      | Found the amulet of the Four Winds {rN+ MR+++ Clar}
 21876 | D:9      | Bought a flickering lead ring for 195 gold pieces
 21876 | D:9      | Bought a distressingly furry helmet for 370 gold pieces
 21886 | D:9      | Identified the -5 helmet of Gehenna {Dex+2} (You bought it in a shop on level 9 of the Dungeon)
 21899 | D:9      | Identified the ring "Fuwos" {MR+ Slay+1 SInv} (You bought it in a shop on level 9 of the Dungeon)
 21917 | Orc:1    | Killed Erolcha
 21960 | Orc:1    | Noticed Urug
 21982 | Orc:1    | Killed Urug
 21982 | Orc:1    | Reached skill level 9 in Armour
 22169 | Orc:1    | Found a roughly hewn altar of Beogh.
 22171 | Orc:1    | Noticed Erica
 22180 | Orc:1    | Killed Erica
 22851 | Orc:2    | Entered Level 2 of the Orcish Mines
 23435 | Orc:2    | Found a staircase to the Elven Halls.
 23494 | Orc:2    | Found a roughly hewn altar of Beogh.
 23519 | Orc:2    | Found Qaptecri's Antique Weapon Shoppe.
 23584 | Orc:2    | Found Haarrorch's Antique Weapon Shoppe.
 23634 | Orc:2    | Found a roughly hewn altar of Beogh.
 23718 | Orc:2    | Found a roughly hewn altar of Beogh.
 23901 | Orc:2    | Reached skill level 13 in Maces & Flails
 23957 | Orc:2    | Reached skill level 5 in Earth Magic
 24026 | Orc:2    | Reached skill level 6 in Necromancy
 24263 | Orc:2    | Noticed an orc warlord
 24344 | Orc:2    | Killed an orc warlord
 24425 | Orc:2    | Found Ireur's Antique Armour Boutique.
 24426 | Orc:2    | Found a roughly hewn altar of Beogh.
 24427 | Orc:2    | Found Ydadghaon's Antique Weapon Shop.
 24496 | Orc:2    | Found a roughly hewn altar of Beogh.
 24520 | Orc:2    | Found Mumavoc's General Store.
 24575 | Orc:2    | Found a roughly hewn altar of Beogh.
 24668 | Orc:2    | Found a roughly hewn altar of Beogh.
 24875 | D:9      | Bought an ichor-stained plate armour for 812 gold pieces
 24885 | D:9      | Identified the +1 plate armour "Qelasut" {*Slow rC+ Str+5 Stlth+} (You bought it in a shop on level 9 of the Dungeon)
 25111 | D:11     | Noticed Fannar
 25124 | D:11     | Killed Fannar
 25402 | D:11     | Noticed a deep elf sorcerer
 25406 | D:11     | Killed a deep elf sorcerer
 25429 | D:11     | Identified the Incunabulum of Good Luck and Fire
 25454 | D:11     | Identified the Papyrus of Lightness and the Escort
 25456 | D:11     | Identified Sif Muna's Reference Book on Harmful Toxins
 25553 | D:11     | Got a pair of heavily runed gloves
 25568 | D:11     | Identified the +2 pair of gloves of Bodim {Int+7 Dex-4} (You found it on level 11 of the Dungeon)
 25608 | D:11     | Identified Sif Muna's Papyrus of the Arsonist and Protection
 25619 | D:11     | Identified the Grimoire of Gliding Poison
 25637 | D:11     | Identified the Tome of Hurtful Clay
 25751 | D:11     | Reached XP level 15. HP: 126/129 MP: 23/23
 25835 | D:11     | Noticed Sonja
 25842 | D:11     | Cast into level 2 of the Abyss (Sonja)
 25991 | Abyss:2  | Noticed a lich
 26004 | Abyss:2  | Killed from afar by a lich

Vault maps used:
D:1:      dpeg_arrival_caged_fury, st_stairs_14
D:3:      corexii_item_surrounded_by_moat, uniq_ijyb
D:4:      first_ration, minmay_stone_trees_small, fedhas_altar_3
D:5:      serial_shops, nicolae_shop_window_shopping, amethyst_killhole,
          kennysheep_dice, uniq_grinder, uniq_edmund
D:6:      gammafunk_temple_overflow_elements, minmay_temple_entry_poolview,
          lightli_sewer_entry_pipes, nicolae_ossuary_entry_catacombs,
          serial_shops, shop, uniq_duvessa, uniq_prince_ribbit1, uniq_eustachio
D:7:      wad_pebble_path
D:8:      grunt_temple_overflow_open, dpeg_lair_monsters, the_bakery,
          grunt_decor_clamped, cheibrodos_ashenzari_chains, uniq_grum
D:9:      minmay_orc_entry_temple_small, minivault_23
D:10:     zaba_antful_of_joy, uniq_harold
D:11:     evilmike_library_of_no_secrets, uniq_sonja, uniq_fannar, uniq_psyche
Temple:   minmay_temple_curvy_branch
Lair:1:   basic_altar, grunt_megastairs_2
Lair:2:   minmay_swamp_entry_wisps
Lair:3:   small_statue_intersection, ice2_lemuel
Lair:4:   minmay_snake_entry_six_corridors
Lair:5:   basic_altar
Lair:6:   wormcave, slime_altar_1, grunt_forest_stairs_basic,
          kennysheep_basilisk_garden, serial_bayou_shore_a, serial_bayou_shore_b
Orc:1:    basic_altar, uniq_erica, uniq_erolcha, uniq_urug
Orc:2:    grunt_orc_community_town_hall, grunt_orc_community_big_house_2,
          grunt_orc_community_big_house_2, grunt_orc_community_house_1,
          grunt_orc_community_house_1, grunt_orc_community_house_3,
          grunt_orc_community_house_1, grunt_orc_community_house_3,
          serial_shops, shop
Sewer:    sewer_minmay_w
Ossuary:  ossuary_tomb_2

Skill      XL: |  1  2  3  4  5  6  7  8  9 10 11 12 13 14 |
---------------+-------------------------------------------+-----
Maces & Flails | 2 3 4 5 7 8 10 11 12 13 | 13.2
Fighting       | 4 5 6 7 8 10 12 13 14 15 | 15.5
Armour         | 5 7 8 9 |  9.6
Spellcasting   | 5 |  5.8
Necromancy     | 4 6 |  6.9
Earth Magic    | 3 5 |  5.4
Shields        | |  2.4

Action                   |  1- 3 |  4- 6 |  7- 9 | 10-12 | 13-15 || total
-------------------------+-------+-------+-------+-------+-------++-------
Melee: Flail             |   118 |   102 |   110 |       |       ||   330
       Dire flail        |       |       |   412 |  1065 |  1534 ||  3011
Throw: Tomahawk          |       |       |       |     1 |       ||     1
Invok: Potion Petition   |       |       |       |     2 |     1 ||     3
       Call Merchant     |       |       |       |       |     3 ||     3
Evoke: Wand              |       |       |       |    12 |     4 ||    16
  Use: Scroll            |       |       |    13 |     7 |     7 ||    27
 Stab: Confused          |       |       |       |     3 |       ||     3
       Distracted        |       |       |       |     5 |     9 ||    14
       Paralysed         |       |       |       |    12 |     4 ||    16
Armor: Scale mail        |    61 |    64 |   277 |    48 |       ||   450
       Chain mail        |       |       |       |   540 |   135 ||   675
       Plate armour      |       |       |       |       |   765 ||   765
Dodge: Dodged            |    57 |    54 |   230 |   334 |   333 ||  1008
Block: Shield            |     2 |       |       |       |       ||     2

Table legend:
 A = Spawn XP
 B = Non-spawn XP
 C = Spawn XP percentage of total XP
 D = Spawn monster count
 E = Non-spawn monster count
 F = Spawn count percentage of total count
 G = Total turns spent on level
                    A         B        C        D         E        F      G
               +---------+---------+-------+---------+---------+-------+---------
         Total |       0 |  105011 |   0.0 |       0 |     800 |   0.0 | 26004
               +---------+---------+-------+---------+---------+-------+---------
           D:1 |       0 |     150 |   0.0 |       0 |      43 |   0.0 |   797
           D:2 |       0 |      25 |   0.0 |       0 |      14 |   0.0 |   670
           D:3 |       0 |     194 |   0.0 |       0 |      14 |   0.0 |  1074
           D:4 |       0 |    1201 |   0.0 |       0 |      24 |   0.0 |  1307
           D:5 |       0 |    2579 |   0.0 |       0 |      32 |   0.0 |  1394
           D:6 |       0 |    1190 |   0.0 |       0 |      28 |   0.0 |   919
           D:7 |       0 |    1474 |   0.0 |       0 |      23 |   0.0 |   603
           D:8 |       0 |    8188 |   0.0 |       0 |      61 |   0.0 |  2642
           D:9 |       0 |    1885 |   0.0 |       0 |      40 |   0.0 |  1465
          D:10 |       0 |    4976 |   0.0 |       0 |      46 |   0.0 |   788
          D:11 |       0 |   16011 |   0.0 |       0 |      47 |   0.0 |  1728
        Lair:1 |       0 |    4423 |   0.0 |       0 |      15 |   0.0 |  1007
        Lair:2 |       0 |    3456 |   0.0 |       0 |      13 |   0.0 |  1181
        Lair:3 |       0 |    6772 |   0.0 |       0 |      37 |   0.0 |  1406
        Lair:4 |       0 |    8906 |   0.0 |       0 |      46 |   0.0 |  1450
        Lair:5 |       0 |   10233 |   0.0 |       0 |      37 |   0.0 |  1752
        Lair:6 |       0 |   15987 |   0.0 |       0 |      55 |   0.0 |  2095
         Orc:1 |       0 |    6792 |   0.0 |       0 |      48 |   0.0 |  1259
         Orc:2 |       0 |    9883 |   0.0 |       0 |      95 |   0.0 |  1580
       Abyss:2 |       0 |     166 |   0.0 |       0 |       1 |   0.0 |   162
         Sewer |       0 |     335 |   0.0 |       0 |      48 |   0.0 |   349
       Ossuary |       0 |     185 |   0.0 |       0 |      33 |   0.0 |   150
               +---------+---------+-------+---------+---------+-------+---------

Vault maps used:
D:1:      dpeg_arrival_caged_fury, st_stairs_14
D:3:      corexii_item_surrounded_by_moat, uniq_ijyb
D:4:      first_ration, minmay_stone_trees_small, fedhas_altar_3
D:5:      serial_shops, nicolae_shop_window_shopping, amethyst_killhole,
          kennysheep_dice, uniq_grinder, uniq_edmund
D:6:      gammafunk_temple_overflow_elements, minmay_temple_entry_poolview,
          lightli_sewer_entry_pipes, nicolae_ossuary_entry_catacombs,
          serial_shops, shop, uniq_duvessa, uniq_prince_ribbit1, uniq_eustachio
D:7:      wad_pebble_path
D:8:      grunt_temple_overflow_open, dpeg_lair_monsters, the_bakery,
          grunt_decor_clamped, cheibrodos_ashenzari_chains, uniq_grum
D:9:      minmay_orc_entry_temple_small, minivault_23
D:10:     zaba_antful_of_joy, uniq_harold
D:11:     evilmike_library_of_no_secrets, uniq_sonja, uniq_fannar, uniq_psyche
Temple:   minmay_temple_curvy_branch
Lair:1:   basic_altar, grunt_megastairs_2
Lair:2:   minmay_swamp_entry_wisps
Lair:3:   small_statue_intersection, ice2_lemuel
Lair:4:   minmay_snake_entry_six_corridors
Lair:5:   basic_altar
Lair:6:   wormcave, slime_altar_1, grunt_forest_stairs_basic,
          kennysheep_basilisk_garden, serial_bayou_shore_a, serial_bayou_shore_b
Orc:1:    basic_altar, uniq_erica, uniq_erolcha, uniq_urug
Orc:2:    grunt_orc_community_town_hall, grunt_orc_community_big_house_2,
          grunt_orc_community_big_house_2, grunt_orc_community_house_1,
          grunt_orc_community_house_1, grunt_orc_community_house_3,
          grunt_orc_community_house_1, grunt_orc_community_house_3,
          serial_shops, shop
Sewer:    sewer_minmay_w
Ossuary:  ossuary_tomb_2

Table legend:
 A = Turns spent in this place as a percentage of turns spent in the entire game.
 B = Non-inter-level travel turns spent in this place as a percentage of non-inter-level travel turns spent in the entire game.
 C = Inter-level travel turns spent in this place as a percentage of turns spent in this place.
 D = Turns resting spent in this place as a percentage of non-inter-level travel turns spent in this place.
 E = Turns spent auto-exploring this place as a percentage of non-inter-level travel turns spent in this place.
 F = Non-inter-level travel turns spent in this place divided by the number of levels of this place that you've seen.
                   A       B       C       D       E      F
               +-------+-------+-------+-------+-------+----------------------
         Total | 100.0 | 100.0 |   5.9 |   6.0 |  66.6 | 1063.8
       Dungeon |  51.5 |  50.3 |   8.1 |   6.5 |  67.1 | 1118.7
        Temple |   0.9 |   0.8 |   9.3 |   0.0 |  96.6 | 205.0
          Lair |  34.2 |  35.0 |   3.6 |   6.0 |  70.7 | 1428.7
  Orcish Mines |  10.9 |  11.1 |   4.1 |   6.0 |  58.3 | 1362.0
         Abyss |   0.6 |   0.7 |   0.0 |   0.0 |  30.2 | 162.0
         Sewer |   1.3 |   1.4 |   0.0 |   0.0 |  39.5 | 349.0
       Ossuary |   0.6 |   0.6 |   0.0 |   0.0 |   0.0 | 150.0
               +-------+-------+-------+-------+-------+----------------------

Table legend:
 A = Kills in this place as a percentage of kills in entire the game.
 B = Kills by you in this place as a percentage of kills by you in the entire game.
 C = Kills by friends in this place as a percentage of kills by friends in the entire game.
 D = Other kills in this place as a percentage of other kills in the entire game.
 E = Experience gained in this place as a percentage of experience gained in the entire game.
 F = Experience gained in this place divided by the number of levels of this place that you have seen.
                   A       B       C       D       E      F
               +-------+-------+-------+-------+-------+----------------------
         Total | 100.0 | 100.0 |   N/A |   N/A | 100.0 | 4565.7
       Dungeon |  46.5 |  46.5 |   N/A |   N/A |  36.1 | 3443.0
          Lair |  25.4 |  25.4 |   N/A |   N/A |  47.4 | 8296.2
  Orcish Mines |  17.9 |  17.9 |   N/A |   N/A |  15.9 | 8337.5
         Abyss |   0.1 |   0.1 |   N/A |   N/A |   0.2 | 166.0
         Sewer |   6.0 |   6.0 |   N/A |   N/A |   0.3 | 335.0
       Ossuary |   4.1 |   4.1 |   N/A |   N/A |   0.2 | 185.0
               +-------+-------+-------+-------+-------+----------------------
